 Dungeon Crawl Stone Soup version 0.27-a0-1105-g946c659c87 (webtiles) character file.

Game seed: 7613248769390866500

113 spiderkeys the Ruffian (level 4, 0/45 HPs)
             Began as a Troll Monk on Apr 30, 2021.
             Slain by a worm (10 damage)
             ... on level 2 of the Dungeon.
             The game lasted 00:01:31 (1274 turns).

spiderkeys the Ruffian (Troll Monk)                 Turns: 1274, Time: 00:01:32

Health: 0/45       AC:  5    Str: 19    XL:     4   Next: 65%
Magic:  3/3        EV: 10    Int:  6    God:
Gold:   30         SH:  0    Dex: 13    Spells: 3/3 levels left

rFire    . . .     SeeInvis .     - Unarmed
rCold    . . .     Faith    .   (no shield)
rNeg     . . .     Spirit   .   a - +1 robe
rPois    .         Reflect  .   (helmet restricted)
rElec    .         Harm     .   (no cloak)
rCorr    .         Rampage  .   (gloves unavailable)
Will     .....                  (boots unavailable)
Stlth    ++........             (no amulet)
HPRegen  1.15/turn              (no ring)
MPRegen  0.08/turn              (no ring)

@: no status effects
A: large, unfitting armour, claws 3, regeneration 1, shaggy fur 1, tough skin 1
a: no special abilities


You were on level 2 of the Dungeon.
You visited 1 branch of the dungeon, and saw 2 of its levels.

You collected 30 gold pieces.


Innate Abilities, Weirdness & Mutations

You are too large for most types of armour.
You have claws for hands.
Your natural rate of healing is unusually fast.
You are covered in fur. (AC +1)
You have tough skin. (AC +1)


   Skills:
 + Level 3.0 Fighting
 + Level 3.0 Dodging
 - Level 1.0 Stealth
 * Level 4.4 Unarmed Combat


You had 3 spell levels left.
You didn't know any spells.
Your spell library was empty.

Inventory:

Missiles
 b - 39 stones (quivered)
 f - 8 poisoned darts
Armour
 a - a +1 robe (worn)
Magical Staves
 d - a staff of poison {!a}
   (You found it on level 2 of the Dungeon)
Potions
 c - a potion of attraction {!q}
 e - a potion of lignification {unknown}
 g - a potion of haste {unknown}

Dungeon Overview and Level Annotations

Branches:
Dungeon (2/15)

Altars:

Shops:
D:1

? ## #.. .r. . #.#
#) #.# .###.#
#.######.### ....#
#.##.w.(....
#...####..r@#
##........###
#..#...#.##
#.[.)..<.##
###....##...# .# #
#......####.##.###
.# ####.##.#..#
.>..... .#
........##.##
##..##.#####.###
#.###..###..#
#.###.........#


You could see a worm and a rat.


Message History

You barely miss the bat. The bat misses you. The bat closely misses you.
You barely miss the bat. The bat barely misses you.
You miss the bat.
The endoplasm quivers.
The bat barely misses you. The bat hits you but does no damage.
The endoplasm jiggles.
The bat hits you but does no damage. The bat hits you. 😕 HP[-1]
You take 1 damage, and now have 28/29 hp.
You closely miss the bat. The bat hits you but does no damage.
The bat closely misses you. 😎 HP[+1]
Your hp is fully restored (29).
You closely miss the bat. The bat closely misses you.
You closely miss the bat. The bat barely misses you.
You barely miss the bat. The bat hits you. The bat misses you. 😕 HP[-1]
You take 1 damage, and now have 28/29 hp.
You claw the endoplasm!
You kill the endoplasm!
The bat hits you. The bat barely misses you. 😎 HP[+1]
Your hp is fully restored (29).
The bat barely misses you. The bat hits you but does no damage.
The bat hits you but does no damage. The bat closely misses you.
You barely miss the bat. The bat hits you but does no damage.
The bat hits you but does no damage.
You miss the bat. The bat closely misses you.
You scratch the bat.
You kill the bat!
You have reached level 3!
Your experience leads to an increase in your attributes!
Increase (S)trength, (I)ntelligence, or (D)exterity?
You feel agile.
You feel stronger. 😎 HP[+7] MP[+1]
You now have 36 max hp (+7).
Your hp is fully restored (36).
Your mp is fully restored (2).
Things that are here:
a +0 club; a +0 leather armour
f - 8 poisoned darts
Found a stone staircase leading down.
You see here a hobgoblin corpse.
Found a glowing quarterstaff.
Found a stone staircase leading up.
You see here a +1 spectral quarterstaff.
A rat and an ogre come into view.
The ogre shouts!
A worm comes into view.
The ogre hits you with a +0 giant club! 😕 HP[-8]
You take 8 damage, and now have 28/36 hp.
MASSIVE DAMAGE!! (PAUSE)
You barely miss the ogre. The ogre closely misses you. 😕 HP[+1]
You scratch the ogre. 😕 HP[+1]
You scratch the ogre.
The ogre hits you with a +0 giant club! 😮 HP[-9]
You take 9 damage, and now have 21/36 hp.
MASSIVE DAMAGE!! (PAUSE)
You claw the ogre! The ogre hits you with a +0 giant club!
* * * LOW HITPOINT WARNING * * *
😨 HP[-10]
You take 10 damage, and now have 11/36 hp.
MASSIVE DAMAGE!! (PAUSE)
You scratch the ogre. 😨 HP[+1]
You scratch the ogre but do no damage. The rat bites you but does no damage.
The ogre hits you with a +0 giant club!
* * * LOW HITPOINT WARNING * * *
😱 HP[-8]
You take 8 damage, and now have 4/36 hp.
MASSIVE DAMAGE!! (PAUSE)
You scratch the ogre. The rat barely misses you.
The ogre barely misses you. 😱 HP[+1]
You claw the ogre!
You kill the ogre!
The rat closely misses you.
Your Fighting skill increases to level 3!
Your Dodging skill increases to level 3!
Your Unarmed Combat skill increases to level 4!
You have reached level 4! 😱 HP[+3] MP[+1]
You now have 45 max hp (+9).
You regained 3 hp, and now have 8/45 hp.
Your mp is fully restored (3).
You barely miss the worm. The rat bites you.
* * * LOW HITPOINT WARNING * * *
😱 HP[-1]
You take 1 damage, and now have 7/45 hp.
You barely miss the worm. The worm completely misses you.
The rat closely misses you. 😱 HP[+1]
You scratch the worm.
The rat bites you but does no damage. 😱 HP[+1]
You claw the worm! The worm bites you!
You die...

Skill      XL: |  1  2  3 |
---------------+----------+-----
Fighting       | 3 |  3.0
Dodging        | 3 |  3.0
Unarmed Combat | 4 |  4.4
Stealth        | |  1.0

Action                   |  1- 3 |  4- 6 || total
-------------------------+-------+-------++-------
Melee: Unarmed           |    52 |     4 ||    56
       Punch             |     1 |       ||     1
  Use: Scroll            |     3 |       ||     3
Armor: Robe              |    20 |     1 ||    21
Dodge: Dodged            |    39 |     2 ||    41

Levels and vault maps discovered:
D:1:      minmay_arrival_diagonal_passages, layout_basic, serial_shops,
          nicolae_shop_stone
D:2:      layout_rooms, basic_altar, uniq_robin

Notes
Turn   | Place    | Note
-------+----------+-------------------------------------------
     0 | D:1      | spiderkeys the Troll Monk began the quest for the Orb.
     0 | D:1      | Reached XP level 1. HP: 22/22 MP: 0/0
     0 | D:1      | magus.rc [v1.9.10]
   523 | D:1      | Found Huuva's Magic Scroll Shop.
   638 | D:1      | Reached XP level 2. HP: 29/29 MP: 1/1
  1214 | D:2      | Reached XP level 3. HP: 36/36 MP: 2/2
  1259 | D:2      | Noticed an ogre
  1268 | D:2      | HP: 4/36 [ogre/+0 giant club (9)]
  1270 | D:2      | Killed an ogre
  1271 | D:2      | Reached skill level 3 in Fighting
  1271 | D:2      | Reached skill level 3 in Dodging
  1271 | D:2      | Reached skill level 4 in Unarmed Combat
  1271 | D:2      | Reached XP level 4. HP: 8/45 MP: 3/3
  1274 | D:2      | Slain by a worm

Vanquished Creatures
  An ogre (D:2)
  An adder (D:2)
  A dart slug (D:1)
  An orc (D:2)
  2 bats
  2 endoplasms
  2 hobgoblins (D:2)
  2 kobolds (D:1)
  A ball python (D:1)
  2 goblins (D:1)
  2 rats (D:1)
17 creatures vanquished.

Table legend:
 A = Non-vault XP
 B = Vault XP
 C = Vault XP percentage of total XP
 D = Non-vault monster count
 E = Vault monster count
 F = Vault count percentage of total count
                 A         B        C        D         E       F
            +---------+---------+-------+---------+---------+-------
      Total |     162 |       0 |   0.0 |      17 |       0 |   0.0
            +---------+---------+-------+---------+---------+-------
        D:1 |      18 |       0 |   0.0 |      10 |       0 |   0.0
        D:2 |     144 |       0 |   0.0 |       7 |       0 |   0.0
            +---------+---------+-------+---------+---------+-------

Illustrated notes

Table legend:
 A = Kills in this place as a percentage of kills in entire the game.
 B = Kills by you in this place as a percentage of kills by you in the entire game.
 C = Kills by friends in this place as a percentage of kills by friends in the entire game.
 D = Other kills in this place as a percentage of other kills in the entire game.
 E = Experience gained in this place as a percentage of experience gained in the entire game.
 F = Experience gained in this place divided by the number of levels of this place that you have seen.
                   A       B       C       D       E      F
               +-------+-------+-------+-------+-------+----------------------
         Total | 100.0 | 100.0 |   N/A |   N/A | 100.0 |  81.0
       Dungeon | 100.0 | 100.0 |   N/A |   N/A | 100.0 |  81.0
               +-------+-------+-------+-------+-------+----------------------

Table legend: (Time is in decaauts)
 A = Elapsed time spent in this place.
 B = Non-inter-level travel time spent in this place.
 C = Inter-level travel time spent in this place.
 D = Time resting spent in this place.
 E = Time spent auto-exploring this place.
 F = Levels seen in this place.
 G = Mean time per level.
                   A        B        C        D        E       F      G
               +--------+--------+--------+--------+--------+-----+--------+
         Total |   1270 |   1256 |     14 |      0 |   1128 |   2 |  635.0 |
       Dungeon |   1270 |   1256 |     14 |      0 |   1128 |   2 |  635.0 |
               +--------+--------+--------+--------+--------+-----+--------+

Top non-repeatable levels by time:
     D:1: 1019 daAuts
     D:2: 250 daAuts
